 Dungeon Crawl Stone Soup version 0.29.1-12-g30fa7ad0bf (webtiles) character file.

Game seed: 3292535774965769924

173 wormed the Sneak (level 5, 0/32 HPs)
             Began as a Kobold Brigand on Dec 24, 2022.
             Killed from afar by a white imp (8 damage)
             ... with a puff of frost
             ... on level 5 of the Dungeon.
             The game lasted 00:04:03 (2721 turns).

wormed the Sneak (Kobold Brigand)                   Turns: 2721, Time: 00:04:05

Health: 0/32       AC:  4    Str:  8    XL:     5   Next: 83%
Magic:  5/5        EV: 14    Int: 13    God:
Gold:   114        SH:  0    Dex: 18    Spells: 4/4 levels left

rFire   . . .      SeeInvis .   a - +2 dagger
rCold   . . .      Faith    .   (no shield)
rNeg    . . .      Spirit   .   q - +0 leather armour
rPois   .          Reflect  .   k - +0 hat
rElec   .          Harm     .   c - +0 cloak
rCorr   .          Rampage  .   (no gloves)
Will    .....                   (no boots)
Stlth   ++++......              (no amulet)
HPRegen 0.10/turn               (no ring)
MPRegen 0.09/turn               (no ring)

@: no status effects
A: small, no large weapons, nightstalker 3
a: no special abilities


You were on level 5 of the Dungeon.
You visited 1 branch of the dungeon, and saw 4 of its levels.

You collected 114 gold pieces.

Inventory:

Hand Weapons
 a - a +2 dagger (weapon)
Missiles
 d - 11 poisoned darts (quivered)
 e - 3 curare-tipped darts
Armour
 c - a +0 cloak (worn)
 k - a +0 hat (worn)
 q - a +0 leather armour (worn)
Scrolls
 f - a scroll of immolation {unknown}
 g - 3 scrolls of identify {unknown}
 i - 2 scrolls of blinking {unknown}
 l - a scroll of teleportation {unknown}
 o - 2 scrolls of poison {unknown}
Potions
 h - a potion of cancellation {unknown}
 j - a potion of ambrosia {unknown}
 m - a potion of flight {unknown}
 n - 2 potions of lignification {unknown}
 p - a potion of heal wounds {unknown}


   Skills:
 + Level 3.1 Fighting
 * Level 4.7 Short Blades
 + Level 3.1 Throwing
 + Level 2.7 Dodging
 + Level 6.2 Stealth


You had 4 spell levels left.
You didn't know any spells.
Your spell library contained the following spells:

 Spells                   Type           Power      Damage    Failure   Level
 Apportation              Tloc           0%         N/A       41%         1
 Sandblast                Erth           0%         2d4       41%         1
 Passwall                 Tmut/Erth      0%         N/A       56%         2
 Stone Arrow              Conj/Erth      0%         3d7       80%         3
 Alistair's Intoxication  Tmut/Pois      0%         N/A       100%        5


Dungeon Overview and Level Annotations

Branches:
Dungeon (3/15)

Altars:

Annotations:
D:5 1 runed translucent door


Innate Abilities, Weirdness & Mutations

You are small and have problems with some larger weapons.
You are completely attuned to the shadows.


Message History

No target in view!
No target in view!
No target in view!
No target in view!
No target in view!
No target in view!
Found a stone staircase leading up.
You now have 114 gold pieces (gained 16).
An iguana comes into view.
Found a stone staircase leading down.
An iguana is nearby!
A white imp comes into view.
You hit the iguana.
The iguana is moderately wounded.
The iguana closely misses you.
You hit the iguana but do no damage.
The iguana is moderately wounded.
You hit the iguana.
The iguana is heavily wounded.
The iguana bites you!
You hit the iguana but do no damage.
The iguana is heavily wounded.
The iguana closely misses you.
You hit the iguana.
The iguana is heavily wounded.
The iguana bites you. The white imp misses you.
You barely miss the white imp. You punch the white imp.
The white imp is lightly wounded.
You hit the white imp.
The white imp is moderately wounded.
The iguana bites you but does no damage.
The white imp gestures at you. The puff of frost hits you.
You closely miss the iguana.
The iguana is heavily wounded.
The iguana bites you!
* * * LOW HITPOINT WARNING * * *
The white imp gestures at you. The puff of frost hits you!
You die...

..# ..###### .......#
.......# ########
........###......###.
.....................
.................!...
...........<.........
.#.####.#.......@###.
........#.......l5...
...### #......>.....
(...# ###........##..
....###..........# ..
#.............
#.....##......
....#.........
......##......


You could see an iguana and a white imp.

Vanquished Creatures
  A scorpion (D:5)
  An orc priest (D:5)
  An adder (D:2)
  A gnoll (D:1)
  A worm (D:2)
  2 dart slugs (D:1)
  3 orcs (D:5)
  9 ball pythons
  5 endoplasms
  14 giant cockroaches
  4 hobgoblins
  A quokka (D:2)
  3 bats
  4 frilled lizards
  A kobold (D:1)
  5 rats
56 creatures vanquished.

Vanquished Creatures (others)
  A plant (D:2)
1 creature vanquished.

Grand Total: 57 creatures vanquished

Notes
Turn   | Place    | Note
-------+----------+-------------------------------------------
     0 | D:1      | wormed the Kobold Brigand began the quest for the Orb.
     0 | D:1      | Reached XP level 1. HP: 12/12 MP: 1/1
   211 | D:1      | Reached XP level 2. HP: 17/17 MP: 2/2
   769 | D:1      | Reached XP level 3. HP: 22/22 MP: 3/3
  1057 | D:2      | Noticed a floating eye
  1058 | D:2      | Noticed a golden eye
  1068 | D:2      | Noticed a great orb of eyes
  1087 | D:2      | Reached XP level 4. HP: 26/27 MP: 4/4
  1101 | D:2      | Noticed a golden eye
  1946 | D:2      | Found a faded altar of an unknown god.
  2439 | D:3      | You fall into a shaft and drop 2 floors!
  2439 | D:5      | Entered Level 5 of the Dungeon
  2452 | D:5      | Found a runed translucent door.
  2462 | D:5      | Reached XP level 5. HP: 32/32 MP: 5/5
  2690 | D:5      | Reached skill level 6 in Stealth
  2721 | D:5      | Killed from afar by a white imp

Illustrated notes

Levels and vault maps discovered:
D:1:      lemuel_arrival_behind_the_door_large, layout_loops_ring,
          minmay_split_cup_small
D:2:      minmay_roachtagon, layout_basic, serial_forest,
          infiniplex_forest_end_2, infiniplex_forest_clump_small,
          infiniplex_forest_lined_ring, infiniplex_forest_straight_3,
          infiniplex_forest_side_room, infiniplex_forest_pool,
          infiniplex_forest_end_2, infiniplex_forest_lined_3,
          infiniplex_forest_clump_small, hellmonk_ecumenical_altar_watching_god,
          minmay_tromino_v4_b
D:3:      layout_loops_ring, st_stairs_11, grunt_ministairs_1
D:5:      layout_rooms, ebering_ghost_sewer_d, minmay_joined_circles,
          uniq_crazy_yiuf_cottage, uniq_eustachio, uniq_pikel

Skill      XL: |  1  2  3  4  5 |
---------------+----------------+-----
Short Blades   | 3 4 |  4.7
Dodging        | 2 |  2.7
Fighting       | 3 |  3.1
Throwing       | 3 |  3.1
Stealth        | 6 |  6.2

Action                   |  1- 3 |  4- 6 || total
-------------------------+-------+-------++-------
Melee: Dagger            |    49 |   131 ||   180
       Punch             |     1 |     4 ||     5
 Stab: Sleeping          |    19 |     8 ||    27
Armor: Robe              |     6 |    13 ||    19
       Leather armour    |       |     3 ||     3
Dodge: Dodged            |    19 |    69 ||    88
